 Dungeon Crawl Stone Soup version bcrawl-1.19.1 (webtiles) character file.

Game seed: 5272275687211802603

182 Niddhogr the Stinger (level 5, -4/35 HPs)
             Began as a Demonspawn Venom Mage on Dec 2, 2019.
             Slain by a bullfrog (9 damage)
             ... on level 3 of the Dungeon.
             The game lasted 00:11:27 (3083 turns).

Niddhogr the Stinger (Demonspawn Venom Mage)        Turns: 3083, Time: 00:11:28

Health: -4/35      AC:  2    Str: 17    XL:     5   Next: 35%
Magic:  4/8        EV: 12    Int: 17    God:
Gold:   385        SH:  0    Dex: 13    Spells: 1/8 levels left

rFire    . . .     SeeInvis .   w - -2 spear (curse)
rCold    . . .     Gourm    .   (no shield)
rNeg     . . .     Faith    .   a - +0 robe
rPois    .         Spirit   .   (helmet restricted)
rElec    .         Reflect  .   (no cloak)
rCorr    +         Harm     .   (no gloves)
MR       .....                  (no boots)
Stlth    ++........             (no amulet)
HPRegen  0.11/turn              e - +3 ring of strength
MPRegen  0.11/turn              C - ring of resist corrosion

@: mighty
A: horns 1, demonic guardian 1
a: no special abilities


You were on level 3 of the Dungeon.
You were hungry.

You visited 1 branch of the dungeon, and saw 3 of its levels.

You collected 385 gold pieces.

Inventory:

Hand Weapons
 j - a +0 dagger of venom
 o - a +0 morningstar
 u - a cursed -3 spear
 w - a cursed -2 spear (weapon)
Missiles
 l - 88 poisoned needles
 Q - 273 arrows
Armour
 a - a +0 robe (worn)
Jewellery
 e - a +3 ring of strength (left hand)
 m - an uncursed amulet of faith {Faith, !P}
 C - a ring of resist corrosion (right hand)
Wands
 r - a wand of flame (15)
Scrolls
 b - a scroll of teleportation {unknown}
 n - a scroll of immolation {!r}
 q - a scroll of enchant armour {unknown}
 v - a scroll of noise {!r}
Potions
 c - a potion of berserk rage {!q}
 d - a potion of degeneration {!q}
 h - 3 potions of haste
 k - a potion of ambrosia {unknown}
 t - a potion of mutation {unknown}
Comestibles
 f - 3 rations {!d}
 p - 3 chunks of flesh


   Skills:
 + Level 0.3 Polearms
 - Level 1.7 Dodging
 - Level 2.0 Stealth
 - Level 2.0 Spellcasting
 - Level 1.0 Conjurations
 * Level 6.1 Poison Magic


You had one spell level left.
You knew the following spells:

 Your Spells              Type           Power        Failure   Level  Hunger
a - Sting                 Conj/Pois      ##..         4%          1    #......
b - Poisonous Vapours     Pois/Air       ##....       9%          2    ###....
c - Olgreb's Toxic Radia  Pois           ###.....     16%         4    #####..

Your spell library contained the following spells:

 Spells                   Type           Power        Failure   Level  Hunger
 Ignite Poison            Fire/Tmut/Pois #.......     26%         3    ###....
 Summon Scorpions         Summ/Pois      ##......     50%         4    #####..
 Venom Bolt               Conj/Pois      ##........   77%         5    ######.


Dungeon Overview and Level Annotations

Branches:
Dungeon (3/12)

Altars:
Cheibriados


Innate Abilities, Weirdness & Mutations

You have a pair of small horns on your head.
A weak demonic guardian rushes to your aid.


Message History

The bullfrog looks even sicker.
You now have 4/8 mp.
You barely miss the bullfrog. The bullfrog hits you! x2
* * * LOW HITPOINT WARNING * * *
You take 22 damage, and have 11/35 hp.
MASSIVE DAMAGE!!
Unknown command.
You hit the bullfrog. The bullfrog misses you. The bullfrog hits you!
* * * LOW HITPOINT WARNING * * *
You take 10 damage, and have 1/35 hp.
MASSIVE DAMAGE!!
You feel better. The bullfrog hits you.
* * * LOW HITPOINT WARNING * * *
You regained 7 hp, and now have 8/35 hp.
It was a potion of might.
You feel very mighty all of a sudden. The bullfrog hits you.
* * * LOW HITPOINT WARNING * * *
The bullfrog hits you!
You die...

# ####### .......
####### #
####+### #
###......## #
##......÷..## #
##.....@.....#
#......♣F....#
##...♣♣♣.♣....+
#....♣...♣....#
#....♣.♣?♣....#
###....♣...♣....#
#.'....♣ ♣♣♣...##
#.#.....♣ ...#
#.#........ ..##


You could see a bullfrog.

Levels and vault maps discovered:
D:1:      nicolae_arrival_kraken_aquarium_b, layout_basic,
          palyth_stone_intersect
D:2:      layout_basic, minmay_randomly_rotated_circles
D:3:      layout_loops_cross, cheibriados_altar_1, minmay_gold_behind_fungi,
          minmay_misc_feat_roman, kennysheep_potato

Notes
Turn   | Place    | Note
-------+----------+-------------------------------------------
     0 | D:1      | Niddhogr the Demonspawn Venom Mage began the quest for the
                  | Orb.
     0 | D:1      | Reached XP level 1. HP: 13/13 MP: 3/3
     2 | D:1      | Noticed a formicid
     2 | D:1      | Noticed a ghoul
     2 | D:1      | Noticed a troll
     2 | D:1      | Noticed an elf
     2 | D:1      | Noticed a dwarf
     2 | D:1      | Noticed a naga
     2 | D:1      | Noticed a kraken
     2 | D:1      | Noticed a minotaur
     2 | D:1      | Noticed a vampire
     2 | D:1      | Noticed a formicid
     2 | D:1      | Noticed a gargoyle
     2 | D:1      | Noticed a naga
     2 | D:1      | Noticed a centaur
     2 | D:1      | Noticed a centaur
     2 | D:1      | Noticed a spriggan
     4 | D:1      | Killed a formicid
     6 | D:1      | Identified a +0 club
     6 | D:1      | Killed a gargoyle
     6 | D:1      | Killed a troll
     6 | D:1      | Killed a dwarf
     8 | D:1      | Killed a naga
     9 | D:1      | Killed a ghoul
    11 | D:1      | Killed a formicid
    13 | D:1      | Killed an elf
    13 | D:1      | Killed a naga
    13 | D:1      | Killed a vampire
    13 | D:1      | Killed a centaur
    14 | D:1      | Killed a spriggan
    15 | D:1      | Killed a centaur
    17 | D:1      | Killed a minotaur
   104 | D:1      | Identified a +0 club
   252 | D:1      | Gained mutation: You have a pair of small horns on your
                  | head. [demonic ancestry]
   252 | D:1      | Reached XP level 2. HP: 19/19 MP: 3/5
   256 | D:1      | Learned a level 2 spell: Poisonous Vapours
   401 | D:1      | Identified a +0 club
   632 | D:1      | Reached skill level 4 in Poison Magic
   839 | D:1      | Reached XP level 3. HP: 24/24 MP: 3/6
   928 | D:2      | Identified a +0 dagger
   957 | D:2      | Identified a +0 club
  1004 | D:2      | Identified a +0 flail
  1004 | D:2      | Identified a +0 ring mail
  1004 | D:2      | Identified an uncursed amulet of faith
  1197 | D:2      | Identified a +0 dagger
  1200 | D:2      | Identified a +0 dagger
  1204 | D:2      | Reached XP level 4. HP: 24/30 MP: 5/7
  1332 | D:2      | Identified a +0 morningstar
  1334 | D:2      | Identified a +0 morningstar
  1334 | D:2      | Identified a +0 leather armour
  1342 | D:2      | Reached skill level 5 in Poison Magic
  1395 | D:2      | Learned a level 4 spell: Olgreb's Toxic Radiance
  1420 | D:2      | Identified a +0 dagger of venom
  1420 | D:2      | Identified a +0 robe
  1620 | D:2      | Identified a cursed -2 hand axe (You found it on level 2 of
                  | the Dungeon)
  1621 | D:2      | Identified 2 scrolls of identify
  1621 | D:2      | Identified a scroll of immolation
  1622 | D:2      | Identified a scroll of remove curse
  2005 | D:2      | Identified a ring of strength (You found it on level 2 of
                  | the Dungeon)
  2128 | D:2      | Identified a +0 dagger
  2146 | D:2      | Gained mutation: A weak demonic guardian rushes to your
                  | aid. [demonic ancestry]
  2146 | D:2      | Reached XP level 5. HP: 20/35 MP: 3/8
  2149 | D:2      | HP: 7/35 [worm (5)]
  2608 | D:3      | Identified 3 potions of haste
  2609 | D:3      | Identified a potion of curing
  2668 | D:3      | Identified a cursed -2 spear (You found it on level 3 of
                  | the Dungeon)
  2708 | D:3      | Identified a +0 short sword
  2721 | D:3      | Identified a ring of resist corrosion (You found it on
                  | level 3 of the Dungeon)
  2786 | D:3      | Identified a +0 club
  2816 | D:3      | Identified a +0 whip
  2925 | D:3      | Found a snail-covered altar of Cheibriados.
  2925 | D:3      | Identified a +0 club
  2935 | D:3      | Identified a scroll of noise
  2954 | D:3      | Reached skill level 6 in Poison Magic
  3081 | D:3      | HP: 1/35 [bullfrog (11)]
  3083 | D:3      | Identified a potion of might
  3083 | D:3      | Slain by a bullfrog

Table legend:
 A = Turns spent in this place as a percentage of turns spent in the entire game.
 B = Non-inter-level travel turns spent in this place as a percentage of non-inter-level travel turns spent in the entire game.
 C = Inter-level travel turns spent in this place as a percentage of turns spent in this place.
 D = Turns resting spent in this place as a percentage of non-inter-level travel turns spent in this place.
 E = Turns spent auto-exploring this place as a percentage of non-inter-level travel turns spent in this place.
 F = Non-inter-level travel turns spent in this place divided by the number of levels of this place that you've seen.
                   A       B       C       D       E      F
               +-------+-------+-------+-------+-------+----------------------
         Total | 100.0 | 100.0 |   1.6 |   1.7 |  71.2 | 1011.3
       Dungeon | 100.0 | 100.0 |   1.6 |   1.7 |  71.2 | 1011.3
               +-------+-------+-------+-------+-------+----------------------

Table legend:
 A = Kills in this place as a percentage of kills in entire the game.
 B = Kills by you in this place as a percentage of kills by you in the entire game.
 C = Kills by friends in this place as a percentage of kills by friends in the entire game.
 D = Other kills in this place as a percentage of other kills in the entire game.
 E = Experience gained in this place as a percentage of experience gained in the entire game.
 F = Experience gained in this place divided by the number of levels of this place that you have seen.
                   A       B       C       D       E      F
               +-------+-------+-------+-------+-------+----------------------
         Total | 100.0 | 100.0 |   N/A |   N/A | 100.0 |  87.0
       Dungeon | 100.0 | 100.0 |   N/A |   N/A | 100.0 |  87.0
               +-------+-------+-------+-------+-------+----------------------

Skill      XL: |  1  2  3  4  5 |
---------------+----------------+-----
Poison Magic   | 4 5 6 |  6.1
Polearms       | |  0.3
Dodging        | |  1.7
Stealth        | |  2.0
Spellcasting   | |  2.0
Conjurations   | |  1.0

Action                   |  1- 3 |  4- 6 || total
-------------------------+-------+-------++-------
Melee: Unarmed           |     4 |       ||     4
       Club              |    44 |       ||    44
       Headbutt          |     9 |    18 ||    27
       Dagger            |    18 |    55 ||    73
       Morningstar       |       |     9 ||     9
       Spear             |       |    39 ||    39
 Cast: Sting             |    24 |    26 ||    50
       Poisonous Vapours |     2 |    10 ||    12
  Use: Scroll            |       |     6 ||     6
       Potion            |       |     2 ||     2
 Stab: Sleeping          |     1 |     3 ||     4
  Eat: Chunk             |     2 |     6 ||     8
Armor: Robe              |    12 |     9 ||    21
Dodge: Dodged            |    58 |    56 ||   114

Vanquished Creatures
  A hound (D:2)
  An orc wizard (D:2)
  A hound skeleton (D:3)
  An adder (D:2)
  3 oozes
  5 worms (D:2)
  2 dart slugs
  3 leopard geckos
  5 orcs
  5 giant cockroaches
  4 goblins
  6 hobgoblins
  5 jackals
  7 kobolds
  2 quokkas
  10 bats
  A frilled lizard (D:1)
  4 rats
  A fungus (D:3)
67 creatures vanquished.

Vanquished Creatures (others)
  A ghoul (D:1)
  A minotaur (D:1)
  A gargoyle (D:1)
  An elf (D:1)
  A troll (D:1)
  A spriggan (D:1)
  2 formicids (D:1)
  A vampire (D:1)
  2 nagas (D:1)
  A dwarf (D:1)
  2 centaurs (D:1)
  An orc (D:1)
  5 tentacles (D:1)
  4 toadstools (D:3)
24 creatures vanquished.

Grand Total: 91 creatures vanquished
